 Dungeon Crawl Stone Soup version 0.31-a0-632-g766dd24fdf (webtiles) character file.

Game seed: 5872305462066956645

23633 dialectric the Basher (level 13, -4/84 HPs)
             Began as a Gargoyle Fighter on Aug 25, 2023.
             Was a High Priest of Qazlal.
             Slain by a swamp worm (18 damage)
             ... in a Gauntlet.
             The game lasted 00:18:19 (10075 turns).

dialectric the Basher (Gargoyle Fighter)           Turns: 10075, Time: 00:18:20

Health: -4/84      AC: 23    Str: 26    XL:     13   Next: 8%
Magic:  22/22      EV: 12    Int:  8    God:    Qazlal [*****.]
Gold:   323        SH:  7    Dex: 11    Spells: 12/12 levels left

rFire   . . .        A - +3 flail (venom)
rCold   + + .        (no shield)
rNeg    + . .        y - +2 leather armour "Asaofil" {Harm rC+ Str+2}
rPois   ∞            D - +0 helmet
rElec   +            (no cloak)
rCorr   +            K - +2 pair of gloves {Stlth+}
SInv    .            (no boots)
Will    .....        w - amulet of Kaafok {Regen+ MP+9}
Stlth   +            z - ring of protection from cold
HPRegen 1.14/turn    b - ring of resist corrosion
MPRegen 0.18/turn

%: no teleportation, harm (+30% outgoing, +20% incoming), repel missiles
@: protected from physical damage
A: sickness immunity, AC +9, negative energy resistance 1, electricity
resistance, torment resistance 1, petrification resistance
a: Renounce Religion, Upheaval, Elemental Force, Disaster Area


You were in a Gauntlet.
You worshipped Qazlal.
Qazlal was extremely pleased with you.
You visited 1 branch of the dungeon, and saw 12 of its levels.
You also visited: Gauntlet.

You collected 777 gold pieces.
You spent 454 gold pieces at shops.

Inventory:

Hand Weapons
 a - a +0 flail
 A - a +3 flail of venom (weapon)
Missiles
 k - 9 poisoned darts (quivered)
 E - 5 throwing nets
 L - 2 curare-tipped darts
Armour
 c - a +0 buckler
 y - the +2 leather armour "Asaofil" (worn) {Harm rC+ Str+2}
   (You found it on level 5 of the Dungeon)

   Str+2:     It affects your strength (+2).
   rC+:       It protects you from cold.
   Harm:      It increases damage dealt and taken.
 D - a +0 helmet (worn)
 K - a +2 pair of gloves of stealth (worn)
Jewellery
 b - a ring of resist corrosion (right hand)
 t - an amulet of guardian spirit
 w - the amulet of Kaafok (around neck) {Regen+ MP+9}
   (You found it on level 5 of the Dungeon)

   [amulet of regeneration]

   MP+9:      It affects your magic capacity (+9).
   Regen+:    It increases your rate of health regeneration.
 x - a ring of protection from cold
 z - a ring of protection from cold (left hand)
Talismans
 v - a blade talisman
 O - a dragon-blood talisman
Wands
 d - a wand of flame (47)
 q - a wand of polymorph (8)
 B - a wand of digging (7)
 M - a wand of roots (7)
Scrolls
 e - 2 scrolls of immolation
 f - 5 scrolls of amnesia
 i - a scroll of vulnerability
 j - 3 scrolls of revelation
 m - 3 scrolls of identify
 o - 2 scrolls of torment
 p - 4 scrolls of blinking
 s - 2 scrolls of teleportation
 u - a scroll of fog
 G - a scroll of summoning {unknown}
Potions
 g - 2 potions of enlightenment
 h - a potion of mutation
 l - 2 potions of curing
 r - a potion of haste
 F - a potion of magic
 I - a potion of brilliance
 J - a potion of cancellation {unknown}


   Skills:
 - Level 11.0 Fighting
 - Level 14.3 Maces & Flails
 + Level 3.5 Throwing
 * Level 8.9 Armour
 - Level 4.0 Dodging
 - Level 2.9 Stealth
 + Level 6.9 Shields
 + Level 3.0 Evocations
 + Level 1.7 Shapeshifting


You had 12 spell levels left.
You didn't know any spells.
Your spell library contained the following spells:

 Spells                   Type           Power      Damage    Failure   Level
 Hailstorm                Conj/Ice       0%         3d3       82%         3
 Summon Guardian Golem    Hex/Summ       0%         N/A       82%         3
 Anguish                  Hex/Necr       0%         N/A       99%         4
 Cause Fear               Hex            0%         N/A       99%         4
 Dispel Undead            Necr           0%         3d6       99%         4
 Summon Ice Beast         Ice/Summ       0%         N/A       99%         4
 Death Channel            Necr           0%         N/A       100%        6
 Simulacrum               Ice/Necr       0%         N/A       100%        6
 Enfeeble                 Hex            0%         N/A       100%        7
 Orb of Destruction       Conj           0%         9d5       100%        7
 Spellforged Servitor     Conj/Summ      0%         N/A       100%        7
 Cigotuvi's Dreadful Rot  Necr/Pois/Air  Unusable   N/A       N/A         2

Dungeon Overview and Level Annotations

Branches:
Dungeon (12/15)            Temple (0/1) D:7            Lair (0/5) D:11
    Orc (0/2) D:11        Gauntlet (1/1)

Altars:
Ashenzari
Dithmenos
Elyvilon
Fedhas
Makhleb
Nemelex Xobeh
Okawaru
Qazlal
Ru
Sif Muna
Trog
Vehumet
Xom
Yredelemnul
The Shining One

Shops:
D:4 ?[?   D:6 :

Portals:
Trove: D:11 (give 2 scrolls of acquirement)

Annotations:
Gauntlet 13 transporters, 21 runed translucent doors, exclusion: orange crystal statue


Innate Abilities, Weirdness & Mutations

You are immune to sickness and miasma.
Your stone body is resilient. (AC +9)
You are immune to poison.
You resist negative energy. (rN+)
You are resistant to electric shocks. (rElec)
You are resistant to unholy torment.
You are immune to petrification.


Message History

Unknown command.
The swamp worm fires a harpoon shot at you.
The harpoon shot hits you.
You feel more protected from physical attacks.
* * * LOW HITPOINT WARNING * * *
You are yanked forward by the harpoon shot.
The tyrant leech closely misses you.
Unknown command.
The death scarab's many legs skitter faintly.
Unknown command.
You feel better. You block the swamp worm's attack.
You hit the swamp worm but do no damage.
The swamp worm is poisoned.
You block the swamp worm's attack.
Unknown command.
You sock the swamp worm!
The swamp worm looks as sick as possible!
The swamp worm is severely wounded.
The swamp worm bites you.
* * * LOW HITPOINT WARNING * * *
Unknown command.
You feel better. The swamp worm closely misses you.
You hit the swamp worm.
The swamp worm is severely wounded.
The swamp worm bites you!
* * * LOW HITPOINT WARNING * * *
You barely miss the swamp worm.
The swamp worm is almost dead.
You block the swamp worm's attack.
You feel better.
You kill the swamp worm!
Qazlal accepts your kill.
Aiming: Fastroot
Press: ? - help, Shift-Dir - straight line, f - swamp worm
Aim: a swamp worm The roots erupt in riotous growth!
Roots grab the swamp worm.
Roots grab the tyrant leech.
The grasping roots constrict the tyrant leech.
The grasping roots constrict the swamp worm.
The swamp worm bites you!
You die...

####..............#.#≈≈8§§#
###§....#############.#######
#8#§....#©...........©.......
###.#########################
#.#.........#.#..+.©.+..#.#
###.#..##.##..#.#..+...+..#.#
#8#.#.#..#..#.#.#++#+#+#++#.#
###.#.#..#ww#.#.#..+...+..#.#
#.#..#####@.#.#..+...+..#.#
###.#.#..#..#.#.#++#...#++#.#
#8#.#.#..#..#.#.#BB#+++#..#.#
###.#..##.##..#.#Z........#.#
#.#..}=©.?..#.#Z.)[©!...#.#
###.###########.###########.#
#8#..........................
###≈.........................
###########################


You could see a tyrant leech (rooted), a spectral black mamba, a spectral dream
sheep, a swamp worm (rooted) and 2 death scarabs.

Vanquished Creatures
  3 two-headed ogres
  Pikel (D:7)
  2 ugly things
  A rust devil (Gauntlet)
  A gargoyle (D:11)
  A rime drake (D:11)
  2 kobold demonologists (D:10)
  A komodo dragon (D:10)
  A troll (D:11)
  2 hornets
  A wyvern (D:8)
  A wraith (D:10)
  7 shadows
  14 yaks
  A ynoxinul (Gauntlet)
  3 swamp worms (Gauntlet)
  An acid dragon (D:10)
  Duvessa (D:7)
  4 water moccasins
  8 ice beasts
  5 orc warriors
  3 sky beasts
  2 black bears
  3 ogres
  5 centaurs
  3 wolves
  2 phantoms
  4 kobold brigands
  5 scorpions
  6 gnoll sergeants
  8 wights
  Dowan (D:7)
  10 killer bees (D:9)
  4 howler monkeys
  5 gnoll boudas
  6 orc priests
  7 hounds
  3 iron imps (Gauntlet)
  3 jellies
  A sleepcap (D:2)
  2 iguanas
  4 orc wizards
  29 gnolls
  4 adders
  A shadow imp (D:8)
  2 white imps
  An ufetubus (D:7)
  A worm (D:3)
  A dart slug (D:5)
  32 orcs
  5 endoplasms
  5 giant cockroaches
  2 goblins
  4 hobgoblins
  4 jackals (D:10)
  11 kobolds
  2 quokkas
  9 ball pythons
  7 bats
  8 frilled lizards
  3 rats
279 creatures vanquished.

Notes
Turn   | Place    | Note
-------+----------+-------------------------------------------
     0 | D:1      | dialectric the Gargoyle Fighter began the quest for the
                  | Orb.
     0 | D:1      | Reached XP level 1. HP: 14/14 MP: 1/1
   375 | D:1      | Reached XP level 2. HP: 18/19 MP: 2/2
   739 | D:2      | Reached XP level 3. HP: 18/23 MP: 3/3
   923 | D:2      | Reached XP level 4. HP: 29/29 MP: 4/4
  1359 | D:3      | Found a stormy altar of Qazlal.
  1439 | D:3      | Reached skill level 3 in Maces & Flails
  1471 | D:3      | Became a worshipper of Qazlal Stormbringer
  1713 | D:3      | Found a radiant altar of Vehumet.
  1925 | D:3      | Reached XP level 5. HP: 30/33 MP: 5/5
  2016 | D:3      | Found a shimmering blue altar of Sif Muna.
  2157 | D:4      | Found Kusegap's Magic Scroll Boutique.
  2157 | D:4      | Found Ilydessypi's Antique Armour Boutique.
  2157 | D:4      | Found Kazirifa's Magic Scroll Boutique.
  2161 | D:4      | Bought a scroll of teleportation for 30 gold pieces
  2430 | D:4      | Found a shimmering altar of Xom.
  2562 | D:4      | Reached skill level 5 in Armour
  2562 | D:4      | Reached XP level 6. HP: 28/39 MP: 6/6
  3113 | D:5      | Entered Level 5 of the Dungeon
  3116 | D:5      | Found a glowing golden altar of the Shining One.
  3137 | D:5      | Identified the amulet of Kaafok {Regen+ MP+9}
  3161 | D:5      | Reached skill level 4 in Maces & Flails
  3311 | D:5      | Noticed a water moccasin
  3329 | D:5      | Killed a water moccasin
  3330 | D:5      | Reached skill level 5 in Fighting
  3330 | D:5      | Reached skill level 5 in Maces & Flails
  3330 | D:5      | Reached XP level 7. HP: 44/44 MP: 7/7
  3392 | D:5      | Reached * piety under Qazlal
  3396 | D:5      | Identified the +2 leather armour "Asaofil" {Harm rC+ Str+2}
  3498 | D:5      | Found a bloodstained altar of Trog.
  3510 | D:5      | Reached skill level 6 in Maces & Flails
  3579 | D:5      | Found a burning altar of Makhleb.
  3652 | D:5      | Found an iron altar of Okawaru.
  3687 | D:5      | Reached skill level 1 in Dodging
  3778 | D:5      | Found a sacrificial altar of Ru.
  4190 | D:5      | Reached XP level 8. HP: 50/50 MP: 8/8
  4257 | D:5      | Reached skill level 7 in Maces & Flails
  4461 | D:6      | Reached skill level 8 in Maces & Flails
  4485 | D:6      | Found a sparkling altar of Nemelex Xobeh.
  4604 | D:6      | Reached ** piety under Qazlal
  4653 | D:6      | Reached skill level 9 in Maces & Flails
  4658 | D:6      | Reached XP level 9. HP: 16/55 MP: 9/9
  4732 | D:6      | Found Fetykh's Book Shoppe.
  4909 | D:4      | Bought a pair of ancient gloves for 237 gold pieces
  4909 | D:4      | Identified the +0 pair of gloves of the Valley {+Inv Will+
                  | Dex-4 Stlth+} (You bought it in a shop on level 4 of the
                  | Dungeon)
  5001 | D:7      | Found a staircase to the Ecumenical Temple.
  5292 | D:7      | Noticed Pikel
  5301 | D:7      | Killed Pikel
  5312 | D:7      | Reached skill level 10 in Maces & Flails
  5419 | D:7      | Noticed Dowan
  5420 | D:7      | Noticed Duvessa
  5445 | D:7      | Killed Duvessa
  5460 | D:7      | Killed Dowan
  6369 | D:8      | Reached skill level 11 in Maces & Flails
  6462 | D:8      | Reached XP level 10. HP: 63/63 MP: 10/10
  6531 | D:8      | Found a basalt altar of Yredelemnul.
  6565 | D:8      | Reached *** piety under Qazlal
  6640 | D:8      | Found a white marble altar of Elyvilon.
  6750 | D:8      | Found a broken altar of Ashenzari.
  6906 | D:9      | Noticed a two-headed ogre
  6913 | D:9      | Killed a two-headed ogre
  6914 | D:9      | Reached skill level 1 in Evocations
  6974 | D:9      | Reached skill level 12 in Maces & Flails
  7271 | D:9      | Reached skill level 13 in Maces & Flails
  7272 | D:9      | Reached XP level 11. HP: 42/69 MP: 11/11
  7684 | D:10     | Entered Level 10 of the Dungeon
  7691 | D:10     | Reached **** piety under Qazlal
  8003 | D:10     | Noticed a two-headed ogre
  8016 | D:10     | Killed a two-headed ogre
  8061 | D:10     | Found a shadowy altar of Dithmenos.
  8381 | D:4      | Bought a pair of runed gloves for 187 gold pieces
  8583 | D:10     | Reached skill level 14 in Maces & Flails
  8588 | D:10     | Reached skill level 10 in Fighting
  8695 | D:10     | Reached skill level 1 in Shapeshifting
  8695 | D:10     | Reached XP level 12. HP: 79/79 MP: 12/12
  8829 | D:10     | Found a blossoming altar of Fedhas.
  9050 | D:11     | Reached ***** piety under Qazlal
  9051 | D:11     | Reached skill level 5 in Shields
  9121 | D:11     | Noticed a two-headed ogre
  9163 | D:10     | Killed a two-headed ogre
  9185 | D:11     | Found a staircase to the Lair.
  9232 | D:11     | Found a staircase to the Orcish Mines.
  9538 | D:11     | Found a portal to a secret trove of treasure.
  9683 | D:12     | Found a gate leading to a gauntlet.
  9721 | Gauntlet | Entered a Gauntlet
  9721 | Gauntlet | Found a transporter.
  9733 | Gauntlet | Found a transporter.
  9746 | Gauntlet | Found a transporter.
  9751 | Gauntlet | Found a transporter.
  9768 | Gauntlet | Found a transporter.
  9786 | Gauntlet | Noticed a reaper
  9789 | Gauntlet | Found a transporter.
  9801 | Gauntlet | Found a transporter.
  9806 | Gauntlet | Found a transporter.
  9808 | Gauntlet | Found a transporter.
  9831 | Gauntlet | Found a transporter.
  9847 | Gauntlet | Found a large runed translucent door.
  9848 | Gauntlet | Found a large runed translucent door.
  9849 | Gauntlet | Found a large runed translucent door.
  9849 | Gauntlet | Found a large runed translucent door.
  9850 | Gauntlet | Found a runed translucent gate.
  9851 | Gauntlet | Found a transporter.
  9851 | Gauntlet | Found a runed translucent gate.
  9852 | Gauntlet | Found a runed translucent gate.
  9853 | Gauntlet | Found a large runed translucent door.
  9853 | Gauntlet | Found a large runed translucent door.
  9853 | Gauntlet | Noticed a death scarab
  9854 | Gauntlet | Found a large runed translucent door.
  9854 | Gauntlet | Noticed a death scarab
  9855 | Gauntlet | Found a large runed translucent door.
  9863 | Gauntlet | Found a transporter.
  9880 | Gauntlet | Found a transporter.
  9894 | Gauntlet | Found a large runed translucent door.
  9895 | Gauntlet | Found a large runed translucent door.
  9896 | Gauntlet | Found a large runed translucent door.
  9896 | Gauntlet | Found a large runed translucent door.
  9897 | Gauntlet | Found a runed translucent door.
  9898 | Gauntlet | Found a transporter.
  9899 | Gauntlet | Found a runed translucent door.
  9900 | Gauntlet | Found a large runed translucent door.
  9900 | Gauntlet | Found a large runed translucent door.
  9900 | Gauntlet | Found a transporter.
  9901 | Gauntlet | Found a large runed translucent door.
  9902 | Gauntlet | Found a large runed translucent door.
  9933 | Gauntlet | Found a transporter.
  9943 | Gauntlet | Reached XP level 13. HP: 84/84 MP: 13/13
  9963 | Gauntlet | Found a transporter.
  9972 | Gauntlet | Found a transporter.
 10066 | Gauntlet | HP: 4/84 [swamp worm/harpoon shot (4)]
 10075 | Gauntlet | Slain by a swamp worm

Illustrated notes

Levels and vault maps discovered:
D:1:      saegor_arrival_miasma, layout_loops_ring, minmay_misc_feat_room
D:2:      minmay_inner_zag, layout_basic
D:3:      layout_loops_ring, mainiacjoe_overflow_tiny_flanked,
          pf_just_have_faith, nicolae_sif_muna_little_library
D:4:      layout_loops_corners, mainiacjoe_overflow_alcove_2,
          nicolae_shop_distant_corner_stores
D:5:      layout_rooms, lemuel_tele_altar, mainiacjoe_overflow_six_doors_small,
          mainiacjoe_overflow_alcove_1, mainiacjoe_overflow_big_doors,
          serial_co_window_serial, co_window_paths_b, co_window_paths_a,
          co_window_paths_a, co_window_paths_b, co_window_of_opportunity_a,
          co_window_unsneaky_path_c, co_window_broadway_c, co_window_broadway_c,
          co_window_2corner, co_window_4corner_a, glass_columns_a,
          glass_columns_a, chequers_serial_rivers_micro_b, feat_on_display
D:6:      layout_cave_pools, mainiacjoe_overflow_paths, serial_shops,
          nicolae_shop_just_a_little_nook
D:7:      layout_layer_cave, minmay_temple_entry_sparse_star,
          minmay_misc_feat_pillars, uniq_duvessa, uniq_pikel
D:8:      layout_rooms, kennysheep_ying_yang, mainiacjoe_overflow_24_doors,
          chequers_garden
D:9:      layout_roguey
D:10:     layout_cave_pools, mainiacjoe_overflow_catwalk, kennysheep_mini_moat,
          serial_gnoll_camp, gnoll_camp_mini_basic, gnoll_camp_mini_hut,
          gnoll_camp_mini_house, gnoll_camp_huts_basic, gnoll_camp_mini_house,
          gnoll_camp_mini_house
D:11:     layout_stronghold, hellmonk_lair_entry_icy, orc_david_3, enter_trove_0
D:12:     layout_stronghold, gauntlet_entry_generic, uniq_rupert
Gauntlet: gammafunk_gauntlet_one_two_three [gammafunk_gauntlet_arena_open,
          gammafunk_gauntlet_arena_arrow_garden,
          gammafunk_gauntlet_arena_split_x, nicolae_gauntlet_arena_blocks,
          gammafunk_gauntlet_arena_mazey, gammafunk_gauntlet_arena_grid,
          nicolae_gauntlet_arena_flowing_pool,
          minmay_gauntlet_arena_make_your_own_arena,
          nicolae_gauntlet_arena_quarters, gauntlet_exit_green]

Skill      XL: |  1  2  3  4  5  6  7  8  9 10 11 12 13 |
---------------+----------------------------------------+-----
Armour         | 4 5 6 8 |  8.9
Maces & Flails | 3 5 6 9 11 13 14 | 14.3
Fighting       | 4 5 6 7 8 10 11 | 11.0
Dodging        | 1 2 3 4 |  4.0
Evocations     | 1 2 3 |  3.0
Throwing       | 2 3 |  3.5
Stealth        | 2 |  2.9
Shields        | 4 6 |  6.9
Shapeshifting  | 1 |  1.7

Action                     |  1- 3 |  4- 6 |  7- 9 | 10-12 | 13-15 || total
---------------------------+-------+-------+-------+-------+-------++-------
  Melee: Flail             |    82 |   148 |   271 |   437 |    41 ||   979
         Punch             |     2 |     2 |     2 |     6 |       ||    12
  Throw: Dart              |       |       |       |     7 |       ||     7
  Evoke: Wand              |       |       |     7 |     6 |     2 ||    15
    Use: Potion            |       |     1 |       |     1 |     5 ||     7
         Scroll            |       |       |     3 |    14 |     2 ||    19
 Armour: Scale mail        |    52 |   105 |     8 |       |       ||   165
         Leather armour    |       |       |   132 |   143 |    22 ||   297
  Dodge: Dodged            |    56 |    78 |   162 |   220 |    14 ||   530
         Repelled          |       |       |       |     1 |       ||     1
  Block: Other             |       |       |    25 |    88 |    17 ||   130

Table legend: (Time is in decaauts)
 A = Elapsed time spent in this place.
 B = Non-inter-level travel time spent in this place.
 C = Inter-level travel time spent in this place.
 D = Time resting spent in this place.
 E = Time spent auto-exploring this place.
 F = Levels seen in this place.
 G = Mean time per level.
                   A        B        C        D        E       F      G
               +--------+--------+--------+--------+--------+-----+--------+
         Total |  10025 |   9201 |    824 |     97 |   6597 |  13 |  771.2 |
       Dungeon |   9686 |   8862 |    824 |     97 |   6554 |  12 |  807.2 |
      Gauntlet |    339 |    339 |      0 |      0 |     43 |   1 |  339.0 |
               +--------+--------+--------+--------+--------+-----+--------+

Top non-repeatable levels by time:
     D:5: 1230 daAuts
     D:7: 1220 daAuts
     D:4: 1117 daAuts
    D:10: 1004 daAuts
     D:3: 844 daAuts
     D:9: 818 daAuts
     D:2: 723 daAuts
    D:11: 684 daAuts
     D:8: 671 daAuts
     D:6: 664 daAuts
     D:1: 662 daAuts
Gauntlet: 339 daAuts
    D:12: 44 daAuts
